 Dungeon Crawl Stone Soup version 0.17-a0-1446-gc28613e (console) character file.

193 Monkaria the Chopper (level 5, -3/43 HPs)
             Began as a Hill Orc Chaos Knight on June 28, 2015.
             Slain by Natasha (6 damage)
             ... on level 4 of the Dungeon.
             The game lasted 00:03:12 (3532 turns).

Monkaria the Chopper (Hill Orc Chaos Knight)        Turns: 3532, Time: 00:03:13

Health: -3/43      AC:  5    Str: 16      XL:     5   Next: 72%
Magic:  5/5        EV: 11    Int: 11 (12) God:    Xom [*.....]
Gold:   162        SH:  0    Dex: 10      Spells: 0 memorised, 4 levels left

rFire  + . .     SeeInvis .     w - +1 hand axe (freeze)
rCold  . . .     Clarity  .     b - +2 leather armour
rNeg   . . .     SustAt   .     (no shield)
rPois  .         Gourm    .     (no helmet)
rElec  .         Spirit   .     (no cloak)
rCorr  .         Warding  .     (no gloves)
rMut   .         Stasis   .     (no boots)
MR     .....                    (no amulet)
Stlth  +.........               (no ring)
                                h - ring of wizardry

@: slowed, very slow, not resistant to hostile enchantments, very unstealthy
A: blurry vision 1, fire resistance 1, frail 1, MP-powered wands
a: Renounce Religion


You were on level 4 of the Dungeon.
You worshipped Xom.
You were a special plaything of Xom.
You were not hungry.

You visited 1 branch of the dungeon, and saw 4 of its levels.

You collected 162 gold pieces.

Inventory:

Hand weapons
 a - a +0 hand axe of chaos
 q - a +0 blowgun
 w - a +1 hand axe of freezing (weapon)
Missiles
 r - 12 poisoned needles
Armour
 b - a +2 leather armour (worn)
Jewellery
 h - a ring of wizardry (left hand)
Scrolls
 e - 2 scrolls of teleportation {unknown}
 g - 2 scrolls of remove curse {unknown}
 j - 4 scrolls of identify {unknown}
 k - 2 scrolls of blinking {unknown}
 o - a scroll of fog {unknown}
 p - a scroll of noise {unknown}
 u - a scroll of immolation {unknown}
 v - a scroll of recharging {unknown}
Potions
 f - 3 potions of curing {unknown}
 i - a potion of might {unknown}
 m - 2 potions of beneficial mutation {unknown}
 n - 2 potions of heal wounds {unknown}
 s - a potion of flight {unknown}
 t - 2 potions of poison {unknown}
Comestibles
 c - 4 bread rations
 d - 2 fruits
 l - 3 meat rations
 x - 2 chunks of flesh


   Skills:
 - Level 5.0 Fighting
 + Level 7.2 Axes
 - Level 2.1 Armour
 - Level 0.7 Dodging


You had 4 spell levels left.
You didn't know any spells.

Dungeon Overview and Level Annotations

Branches:
Dungeon (4/15)
 Temple: D:4-7

Altars:
Vehumet

Annotations:
D:4 Natasha


Innate Abilities, Weirdness & Mutations

Scrolls take you a little longer to read.
Your flesh is heat resistant.
You are frail (-10% HP).
You expend magic power (3 MP) to strengthen your wands.


Message History

Natasha zaps a wand.
The puff of frost hits you!
Found an escape hatch in the ceiling.
Unknown command.
You hit Natasha. You freeze Natasha.
Natasha is almost dead.
Natasha zaps a wand.
The puff of frost hits you!
* * * LOW HITPOINT WARNING * * *
Xom is amused.
A shower of butterflies erupts from you!
You closely miss Natasha.
Natasha is almost dead.
Natasha casts a spell.
The shadow imp hits you but does no damage.
You closely miss Natasha.
Natasha is almost dead.
You closely miss the shadow imp. Natasha casts a spell at you.
You feel as though you will be slow longer.
The shadow imp closely misses you. Natasha claws you.
You die...

#....<....# #.........#
#.........###
#...%.......
#.........##
##....bb....#
##....5hb....##
#.....5@..b.... ..
............### ..
........b..##
......>%..##
##......†.## #
#..........### #.# ..
#.......#....## #.#..#
#.............##
###...##
#.....##......###>......


You could see Natasha, a white imp and a shadow imp.

Vanquished Creatures
  2 iguanas
  Terence (D:3)
  Natasha (twice) (D:4)
  3 adders
  A worm (D:3)
  3 giant geckos
  2 orcs
  7 bats
  A bat skeleton (D:4)
  5 hobgoblins
  A quokka (D:3)
  A giant cockroach (D:1)
  4 giant newts
  8 goblins
  A jackal (D:1)
  9 kobolds
  5 rats
56 creatures vanquished.

Notes
Turn   | Place    | Note
--------------------------------------------------------------
     0 | D:1      | Monkaria the Hill Orc Chaos Knight began the quest for the Orb.
     0 | D:1      | Reached XP level 1. HP: 19/19 MP: 1/1
   258 | D:1      | Reached XP level 2. HP: 21/27 MP: 2/2
   750 | D:2      | Reached skill level 5 in Fighting
   750 | D:2      | Reached XP level 3. HP: 33/36 MP: 3/3
  1125 | D:2      | XOM: silly message
  1161 | D:2      | XOM is BORED!
  1161 | D:2      | XOM: mild Summ miscast
  1298 | D:2      | XOM: mild Chrm miscast
  1318 | D:3      | XOM: harmless Divn miscast
  1352 | D:3      | Found a radiant altar of Vehumet.
  1432 | D:3      | Noticed Terence
  1436 | D:3      | Killed Terence
  1436 | D:3      | Reached skill level 5 in Axes
  1436 | D:3      | Reached XP level 4. HP: 19/42 MP: 4/4
  1627 | D:3      | XOM: medium Pois miscast
  2037 | D:3      | XOM: noise
  2436 | D:3      | XOM: medium Erth miscast
  2611 | D:4      | XOM: give mutations
  2611 | D:4      | Gained mutation: You are frail (-10% HP). [Xom's mischief]
  2611 | D:4      | Gained mutation: Your flesh is heat resistant. [Xom's mischief]
  2611 | D:4      | Gained mutation: Scrolls take you a little longer to read. [Xom's mischief]
  2611 | D:4      | Gained mutation: You expend magic power (3 MP) to strengthen your wands. [Xom's mischief]
  2614 | D:4      | Reached skill level 6 in Axes
  2614 | D:4      | Reached XP level 5. HP: 9/43 MP: 5/5
  2620 | D:4      | HP: 2/43 [giant gecko (2)]
  2663 | D:3      | XOM: noise
  2671 | D:3      | XOM: stat loss: -1 Int (11/12)
  2813 | D:3      | XOM: medium Conj miscast
  2823 | D:3      | XOM: silly message
  3412 | D:4      | Noticed Natasha
  3414 | D:4      | XOM: harmless Pois miscast
  3425 | D:4      | Killed Natasha
  3493 | D:4      | Reached skill level 7 in Axes
  3505 | D:4      | XOM: 3-stop teleportation journey
  3519 | D:4      | Noticed Natasha
  3524 | D:4      | Killed Natasha
  3525 | D:4      | Noticed Natasha
  3530 | D:4      | XOM: butterfly on damage
  3532 | D:4      | Slain by Natasha

Vault maps used:
D:1:      dpeg_arrival_orchard, corexii_hall_statues_l, minmay_box_of_dots
D:3:      vehumet_crystals, uniq_terence
D:4:      grunt_gozag_breadcrumbs, columned_hall_lemuel, uniq_natasha

Action                   |  1- 3 |  4- 6 || total
-------------------------+-------+-------++-------
Melee: Hand axe          |    76 |   119 ||   195
 Stab: Petrifying        |       |     2 ||     2
  Eat: Chunk             |     2 |     6 ||     8
